 Dungeon Crawl Stone Soup version 0.31-a0-692-gf03d1854d5 (webtiles) character file.

Game seed: 10177940800559812647

2983 qw the Skirmisher (level 9, -1/57 HPs)
             Began as a Gargoyle Hunter on Sept 6, 2023.
             Was a Follower of Okawaru.
             Slain by a two-headed ogre
             ... wielding a +0 giant spiked club
              (18 damage)
             ... on level 8 of the Dungeon.
             The game lasted 00:03:58 (7050 turns).

qw the Skirmisher (Gargoyle Hunter)                 Turns: 7050, Time: 00:03:59

Health: -1/57      AC: 19    Str: 15    XL:     9   Next: 83%
Magic:  11/12      EV: 14    Int: 10    God:    Okawaru [*.....]
Gold:   465        SH:  0    Dex: 17    Spells: 8/8 levels left

rFire   . . .        Y - +1 shortbow
rCold   . . .        (shield currently unavailable)
rNeg    + . .        d - +0 ring mail
rPois   inf          k - +2 helmet
rElec   +            (no cloak)
rCorr   .            (no gloves)
SInv    .            c - +1 pair of boots
Will    .....        (no amulet)
Stlth   +++          (no ring)
HPRegen 0.29/turn    (no ring)
MPRegen 0.13/turn

%: no passive effects
@: about to teleport, heroic
A: sickness immunity, AC +6, negative energy resistance 1, electricity
resistance, torment resistance 1, petrification resistance
a: Renounce Religion, Heroism


You were on level 8 of the Dungeon.
You worshipped Okawaru.
Okawaru was aware of your devotion.
You visited 2 branches of the dungeon, and saw 9 of its levels.

You collected 465 gold pieces.


Innate Abilities, Weirdness & Mutations

You are immune to sickness and miasma.
Your stone body is resilient. (AC +6)
You are immune to poison.
You resist negative energy. (rN+)
You are resistant to electric shocks. (rElec)
You are resistant to unholy torment.
You are immune to petrification.


   Skills:
 - Level 7.1(12.1) Fighting
 - Level 11.0(16.0) Ranged Weapons
 - Level 3.3(8.3) Armour
 + Level 2.3(7.3) Dodging
 - Level 1.1(6.1) Stealth
 - Level 4.4 Invocations


You had 8 spell levels left.
You didn't know any spells.
Your spell library was empty.

Inventory:

Hand Weapons
 Y - a +1 shortbow (weapon)
Armour
 c - a +1 pair of boots (worn)
 d - a +0 ring mail (worn)
 f - a +2 robe of willpower
 k - a +2 helmet (worn)
Scrolls
 g - 2 scrolls of identify
 m - a scroll of brand weapon {unknown}
Potions
 a - 2 potions of heal wounds
 b - 6 potions of curing
 e - a potion of mutation
 h - 3 potions of haste
 i - a potion of enlightenment
 j - a potion of might

Dungeon Overview and Level Annotations

Branches:
Dungeon (8/15)             Temple (1/1) D:4
   Lair: D:8-11

Altars:
Ashenzari
Cheibriados
Dithmenos
Elyvilon
Fedhas
Gozag
Hepliaklqana
Kikubaaqudgha
Makhleb
Nemelex Xobeh
Okawaru
Qazlal
Sif Muna
Trog
Uskayaw
Vehumet
Wu Jian
Xom
Yredelemnul
Zin
The Shining One


Message History

The two-headed ogre hits you but does no damage.
You shoot an arrow. The arrow hits the two-headed ogre.
The two-headed ogre is moderately wounded.
The two-headed ogre hits you with a +0 giant spiked club!
The two-headed ogre barely misses you.
You shoot an arrow.
The arrow hits the two-headed ogre but does no damage.
The two-headed ogre is moderately wounded.
You shoot an arrow.
The arrow barely misses the two-headed ogre.
The two-headed ogre misses you. The two-headed ogre barely misses you.
You shoot an arrow. The arrow hits the two-headed ogre.
The two-headed ogre is moderately wounded.
You shoot an arrow. The arrow hits the two-headed ogre.
The two-headed ogre is moderately wounded.
The two-headed ogre closely misses you. The two-headed ogre barely misses you.
You shoot an arrow. The arrow hits the two-headed ogre!
The two-headed ogre is heavily wounded.
You shoot an arrow. The arrow hits the two-headed ogre!
The two-headed ogre is severely wounded.
The two-headed ogre hits you with a +0 giant spiked club!!
The two-headed ogre hits you with a +0 giant club.
You shoot an arrow.
The arrow hits the two-headed ogre but does no damage.
The two-headed ogre is severely wounded.
You shoot an arrow. The arrow hits the two-headed ogre.
The two-headed ogre is almost dead.
The two-headed ogre hits you with a +0 giant spiked club!
The two-headed ogre hits you with a +0 giant club.
7048 ||| READING scroll of teleportation.
As you read the scroll of teleportation, it crumbles to dust.
You feel strangely unstable.
7049 ||| DRINKING 3 potions of heal wounds.
You feel much better.
The two-headed ogre hits you with a +0 giant spiked club!
The two-headed ogre closely misses you.
You shoot an arrow. The arrow hits the two-headed ogre.
The two-headed ogre is almost dead.
The two-headed ogre hits you with a +0 giant spiked club!!
You die...

.# #.......!.......... .#
#...........#######
.#######.........###
.##.......#..#.#.#######.
.##.###..................
..(..........#.#.########
)##.###.####.....# .##.#
#.# ###.#.# .#... #.#
#.#@# ...#....#
#.#.O....# .#. .####
#.######.# ... ## #.# ...
#.# ## ..# ###


You could see a two-headed ogre.

Vanquished Creatures
  A wraith (D:6)
  A vampire (D:6)
  3 water moccasins
  An orc warrior (D:7)
  4 sky beasts
  An ice beast (D:5)
  A centaur (D:8)
  2 phantoms (D:7)
  2 kobold brigands (D:6)
  4 scorpions
  A bullfrog (D:8)
  3 wights (D:8)
  A howler monkey (D:6)
  5 jellies
  2 hounds
  An orc priest (D:7)
  A sleepcap (D:4)
  11 iguanas
  5 orc wizards
  Robin (D:3)
  4 gnolls
  11 adders
  A white imp (D:7)
  An ufetubus (D:5)
  30 orcs
  6 endoplasms
  2 giant cockroaches (D:1)
  16 goblins
  11 hobgoblins
  3 jackals (D:1)
  A quokka (D:2)
  4 ball pythons
  7 bats
  A frilled lizard (D:1)
  6 kobolds
  5 rats
160 creatures vanquished.

Notes
Turn   | Place    | Note
-------+----------+-------------------------------------------
     0 | D:1      | qw the Gargoyle Hunter began the quest for the Orb.
     0 | D:1      | Reached XP level 1. HP: 12/12 MP: 1/1
     0 | D:1      | 0 ||| qw: Version: 0.3-a-76-g4403597
     0 | D:1      | 0 ||| qw: Game counter: 78
     0 | D:1      | 0 ||| qw: Melee chars always use a shield: true
     0 | D:1      | 0 ||| qw: God list: Okawaru
     0 | D:1      | 0 ||| qw: Allow faded altars: false
     0 | D:1      | 0 ||| qw: Do Orc after clearing Dungeon:15 true
     0 | D:1      | 0 ||| qw: Do second Lair branch before Depths: true
     0 | D:1      | 0 ||| qw: Lair rune preference: random
     0 | D:1      | 0 ||| qw: Goals: Normal
     0 | D:1      | 0 ||| PLANNING D:1-11
    32 | D:1      | Reached XP level 2. HP: 9/17 MP: 2/2
   408 | D:1      | Reached XP level 3. HP: 21/21 MP: 3/3
   584 | D:1      | Found a faded altar of an unknown god.
   647 | D:1      | 647 ||| UPGRADING to +0 ring mail.
   657 | D:1      | 657 ||| DROPPING +0 leather armour.
   658 | D:1      | 658 ||| READING scroll labelled BASIECWUDYAR.
   659 | D:1      | 659 ||| READING scroll labelled ATUPOU XOVEICH.
   660 | D:1      | 660 ||| DRINKING 2 grey potions.
   661 | D:1      | 661 ||| DROPPING scroll of butterflies.
   662 | D:1      | 662 ||| DROPPING potion of degeneration.
   914 | D:2      | Reached skill level 1 in Armour
   940 | D:2      | Reached skill level 5 in Ranged Weapons
  1173 | D:2      | Reached XP level 4. HP: 27/27 MP: 4/4
  1549 | D:2      | 1549 ||| UPGRADING to +0 pair of boots.
  1554 | D:2      | 1554 ||| READING scroll labelled WIRIUGGAOS.
  1559 | D:2      | 1559 ||| READING scroll labelled XOPLUG ZUDUYP.
  1560 | D:2      | 1560 ||| READING scroll labelled JUCZUKEHUPS.
  1561 | D:2      | 1561 ||| DRINKING 2 amethyst potions.
  1594 | D:2      | 1594 ||| DROPPING potion of lignification.
  1740 | D:3      | Reached skill level 3 in Fighting
  1785 | D:3      | Found a snail-covered altar of Cheibriados.
  2223 | D:3      | 2223 ||| Stepping ~*~*~tactically~*~*~ (retreating).
  2235 | D:3      | Reached XP level 5. HP: 29/32 MP: 5/5
  2287 | D:3      | Noticed Robin
  2303 | D:3      | Reached skill level 6 in Ranged Weapons
  2327 | D:3      | Killed Robin
  2419 | D:3      | 2419 ||| UPGRADING to +0 helmet.
  2424 | D:3      | 2424 ||| READING 2 scrolls labelled FUANUF QUUQO.
  2425 | D:3      | 2425 ||| READING scroll of enchant armour.
  2425 | D:3      | 2425 ||| ENCHANTING +0 helmet.
  2426 | D:3      | 2426 ||| READING scroll labelled OBU QYPLOESUGY.
  2427 | D:3      | 2427 ||| READING scroll labelled KIAQISAXIPP.
  2459 | D:4      | 2459 ||| READING scroll of enchant armour.
  2459 | D:4      | 2459 ||| ENCHANTING +1 helmet.
  2487 | D:4      | 2487 ||| READING scroll of enchant armour.
  2487 | D:4      | 2487 ||| ENCHANTING +0 pair of boots.
  2507 | D:4      | Reached XP level 6. HP: 28/38 MP: 6/6
  2678 | D:4      | Found a staircase to the Ecumenical Temple.
  2679 | D:4      | 2679 ||| PLANNING TEMPLE
  2679 | D:4      | 2679 ||| DRINKING 2 sedimented pink potions.
  2700 | Temple   | Entered the Ecumenical Temple
  2701 | Temple   | 2701 ||| PLANNING OKAWARU WORSHIP
  2720 | Temple   | Became a worshipper of Warmaster Okawaru
  2721 | Temple   | 2721 ||| PLANNING D:1-11
  2827 | D:4      | Found a glowing golden altar of the Shining One.
  2835 | D:4      | 2835 ||| FLEEEEING.
  2836 | D:4      | 2836 ||| FLEEEEING.
  2855 | D:4      | Found a basalt altar of Yredelemnul.
  2855 | D:4      | Found an opulent altar of Gozag.
  2855 | D:4      | Found a sparkling altar of Nemelex Xobeh.
  3073 | D:4      | Reached skill level 7 in Ranged Weapons
  3313 | D:4      | 3313 ||| DRINKING 2 cyan potions.
  3314 | D:4      | 3314 ||| DRINKING 2 smoky cyan potions.
  3315 | D:4      | 3315 ||| DROPPING potion of invisibility.
  3359 | D:5      | Entered Level 5 of the Dungeon
  3370 | D:5      | Noticed a water moccasin
  3380 | D:5      | Killed a water moccasin
  3381 | D:5      | Reached skill level 3 in Armour
  3381 | D:5      | Reached XP level 7. HP: 39/43 MP: 7/7
  3408 | D:5      | Found a radiant altar of Vehumet.
  3604 | D:5      | Found a white marble altar of Elyvilon.
  3662 | D:5      | HP: 8/43 [water moccasin (4)]
  3663 | D:5      | 3663 ||| READING 2 scrolls of teleportation.
  3664 | D:5      | 3664 ||| DRINKING 2 potions of heal wounds.
  3741 | D:5      | 3741 ||| Stepping randomly (stuck).
  3742 | D:5      | 3742 ||| Stepping randomly (stuck).
  3743 | D:5      | 3743 ||| Stepping randomly (stuck).
  3744 | D:5      | 3744 ||| Stepping randomly (stuck).
  3745 | D:5      | 3745 ||| Stepping randomly (stuck).
  3746 | D:5      | 3746 ||| Stepping randomly (stuck).
  3747 | D:5      | 3747 ||| Stepping randomly (stuck).
  3748 | D:5      | 3748 ||| Stepping randomly (stuck).
  3749 | D:5      | 3749 ||| Stepping randomly (stuck).
  3750 | D:5      | 3750 ||| Stepping randomly (stuck).
  3751 | D:5      | 3751 ||| Stepping randomly (stuck).
  3752 | D:5      | 3752 ||| Stepping randomly (stuck).
  3753 | D:5      | 3753 ||| Stepping randomly (stuck).
  3754 | D:5      | 3754 ||| Stepping randomly (stuck).
  3755 | D:5      | 3755 ||| Stepping randomly (stuck).
  3756 | D:5      | 3756 ||| Stepping randomly (stuck).
  3757 | D:5      | 3757 ||| Stepping randomly (stuck).
  3758 | D:5      | 3758 ||| Stepping randomly (stuck).
  3759 | D:5      | 3759 ||| Stepping randomly (stuck).
  3760 | D:5      | 3760 ||| Stepping randomly (stuck).
  3761 | D:5      | 3761 ||| Stepping randomly (stuck).
  3762 | D:5      | 3762 ||| Stepping randomly (stuck).
  3763 | D:5      | 3763 ||| Stepping randomly (stuck).
  3764 | D:5      | 3764 ||| Stepping randomly (stuck).
  3765 | D:5      | 3765 ||| Stepping randomly (stuck).
  3766 | D:5      | 3766 ||| Stepping randomly (stuck).
  3767 | D:5      | 3767 ||| Stepping randomly (stuck).
  3768 | D:5      | 3768 ||| Stepping randomly (stuck).
  3769 | D:5      | 3769 ||| Stepping randomly (stuck).
  3770 | D:5      | 3770 ||| Stepping randomly (stuck).
  3771 | D:5      | 3771 ||| Stepping randomly (stuck).
  3772 | D:5      | 3772 ||| Stepping randomly (stuck).
  3773 | D:5      | 3773 ||| Stepping randomly (stuck).
  3774 | D:5      | 3774 ||| Stepping randomly (stuck).
  3775 | D:5      | 3775 ||| Stepping randomly (stuck).
  3776 | D:5      | 3776 ||| Stepping randomly (stuck).
  3777 | D:5      | 3777 ||| Stepping randomly (stuck).
  3778 | D:5      | 3778 ||| Stepping randomly (stuck).
  3779 | D:5      | 3779 ||| Stepping randomly (stuck).
  3780 | D:5      | 3780 ||| Stepping randomly (stuck).
  3781 | D:5      | 3781 ||| Stepping randomly (stuck).
  3782 | D:5      | 3782 ||| Stepping randomly (stuck).
  3783 | D:5      | 3783 ||| Stepping randomly (stuck).
  3784 | D:5      | 3784 ||| Stepping randomly (stuck).
  3785 | D:5      | 3785 ||| Stepping randomly (stuck).
  3786 | D:5      | 3786 ||| Stepping randomly (stuck).
  3787 | D:5      | 3787 ||| Stepping randomly (stuck).
  3788 | D:5      | 3788 ||| Stepping randomly (stuck).
  3789 | D:5      | 3789 ||| Stepping randomly (stuck).
  3790 | D:5      | 3790 ||| Stepping randomly (stuck).
  3791 | D:5      | 3791 ||| Stepping randomly (stuck).
  3792 | D:5      | 3792 ||| READING scroll of teleportation.
  3817 | D:5      | HP: 9/43 [water moccasin (2)]
  3818 | D:5      | 3818 ||| DRINKING potion of heal wounds.
  3826 | D:5      | Reached * piety under Okawaru
  3827 | D:5      | Reached skill level 8 in Ranged Weapons
  3827 | D:5      | 3827 ||| INVOKING Heroism.
  4024 | D:5      | Reached skill level 1 in Invocations
  4024 | D:5      | Reached XP level 8. HP: 36/48 MP: 8/8
  4035 | D:5      | 4035 ||| FLEEEEING.
  4039 | D:5      | 4039 ||| INVOKING Heroism.
  4046 | D:5      | HP: 9/48 [ice beast (6)]
  4047 | D:5      | 4047 ||| READING scroll of teleportation.
  4192 | D:5      | 4192 ||| READING scroll labelled MOTUITWODO.
  4193 | D:5      | 4193 ||| READING scroll labelled XUECAWNUUK.
  4453 | D:5      | Found a hazy altar of Hepliaklqana.
  4668 | D:6      | 4668 ||| STAIRDANCE
  4697 | D:6      | 4697 ||| STAIRDANCE
  4846 | D:6      | Noticed a vampire
  4852 | D:6      | 4852 ||| INVOKING Heroism.
  4860 | D:6      | HP: 8/49 [something (7)]
  4861 | D:6      | 4861 ||| READING scroll of teleportation.
  4862 | D:6      | 4862 ||| DRINKING potion of heal wounds.
  4939 | D:6      | 4939 ||| INVOKING Heroism.
  5093 | D:6      | Reached skill level 3 in Invocations
  5142 | D:6      | 5142 ||| Stepping ~*~*~tactically~*~*~ (outnumbered).
  5226 | D:6      | HP: 11/49 [something (3)]
  5227 | D:6      | HP: 1/49 [something (5)]
  5228 | D:6      | Killed a vampire
  5229 | D:6      | Reached skill level 9 in Ranged Weapons
  5488 | D:6      | 5488 ||| INVOKING Heroism.
  5688 | D:6      | Reached XP level 9. HP: 51/55 MP: 12/12
  5876 | D:6      | Reached skill level 6 in Fighting
  5913 | D:6      | 5913 ||| INVOKING Heroism.
  6040 | D:6      | Identified the +1 pair of boots "Azaenyd" {rElec}
  6071 | D:6      | 6071 ||| DROPPING +1 pair of boots "Azaenyd" {rElec}.
  6072 | D:6      | 6072 ||| DRINKING 2 clear potions.
  6073 | D:6      | 6073 ||| DRINKING 3 potions of curing.
  6073 | D:6      | 6073 ||| (to cure confusion)
  6074 | D:6      | 6074 ||| READING 5 scrolls of identify.
  6074 | D:6      | 6074 ||| IDENTIFYING fizzy white potion
  6075 | D:6      | 6075 ||| READING 4 scrolls of identify.
  6075 | D:6      | 6075 ||| IDENTIFYING dark potion
  6076 | D:6      | 6076 ||| READING 3 scrolls of identify.
  6076 | D:6      | 6076 ||| IDENTIFYING brown potion
  6077 | D:6      | 6077 ||| DROPPING potion of ambrosia.
  6127 | D:7      | 6127 ||| INVOKING Heroism.
  6203 | D:7      | 6203 ||| INVOKING Heroism.
  6204 | D:7      | 6204 ||| Stepping ~*~*~tactically~*~*~ (outnumbered).
  6205 | D:7      | 6205 ||| Stepping ~*~*~tactically~*~*~ (outnumbered).
  6223 | D:7      | Reached skill level 10 in Ranged Weapons
  6241 | D:7      | 6241 ||| INVOKING Heroism.
  6492 | D:7      | 6492 ||| INVOKING Heroism.
  6544 | D:7      | 6544 ||| INVOKING Heroism.
  6748 | D:7      | 6748 ||| DRINKING 2 coppery potions.
  6749 | D:7      | 6749 ||| READING 3 scrolls of identify.
  6749 | D:7      | 6749 ||| IDENTIFYING murky grey potion
  6750 | D:7      | 6750 ||| DROPPING potion of brilliance.
  6767 | D:8      | 6767 ||| STAIRDANCE
  6833 | D:8      | 6833 ||| FLEEEEING.
  6834 | D:8      | 6834 ||| FLEEEEING.
  6835 | D:8      | 6835 ||| FLEEEEING.
  6836 | D:8      | 6836 ||| FLEEEEING.
  6837 | D:8      | 6837 ||| STAIRDANCE
  6885 | D:7      | 6885 ||| READING scroll labelled WOGRESK GUZURE.
  6897 | D:8      | 6897 ||| STAIRDANCE
  6936 | D:8      | Reached skill level 11 in Ranged Weapons
  7033 | D:8      | Noticed a two-headed ogre
  7034 | D:8      | 7034 ||| INVOKING Heroism.
  7047 | D:8      | HP: 6/57 [two-headed ogre/+0 giant spiked club (12)]
  7047 | D:8      | HP: 1/57 [two-headed ogre/+0 giant spiked club (5)]
  7048 | D:8      | 7048 ||| READING scroll of teleportation.
  7049 | D:8      | 7049 ||| DRINKING 3 potions of heal wounds.
  7050 | D:8      | Slain by a two-headed ogre

Levels and vault maps discovered:
D:1:      psy_arrival_spokes, layout_rooms, shapermc_ecumenical_altar_venn,
          nicolae_hexahallways, minmay_pentomino_w4
D:2:      layout_loops_corners
D:3:      layout_loops_ring, mainiacjoe_overflow_catwalk, kennysheep_potato,
          uniq_robin
D:4:      cheibrodos_old_hovel, layout_loops_ring,
          chequers_temple_overflow_statue_of_worship,
          minmay_temple_entry_overgrown
D:5:      layout_loops_cross, nicolae_overflow_hidden_temple,
          nicolae_hepliaklqana_hippocampus, nicolae_overflow_crystal_walls,
          serial_glass, glass_columns_a, glass_columns_a, glass_columns_a,
          glass_columns_b, glass_columns_a, grunt_ministairs_10
D:6:      hellmonk_destroyed_diamonds, layout_cave_pods, minmay_manual_mess
D:7:      layout_rooms
D:8:      layout_loops_ring
Temple:   nicolae_temple_bog_church

Skill      XL: |  1  2  3  4  5  6  7  8  9 |
---------------+----------------------------+-----
Armour         | 1 3 |  3.3
Ranged Weapons | 5 6 7 8 9 11 | 11.0
Fighting       | 3 4 5 7 |  7.1
Invocations    | 1 4 |  4.4
Dodging        | 2 |  2.3
Stealth        | |  1.1

Action                     |  1- 3 |  4- 6 |  7- 9 || total
---------------------------+-------+-------+-------++-------
   Fire: Shortbow          |    99 |   244 |   541 ||   884
 Invoke: Heroism           |       |       |    12 ||    12
    Use: Scroll            |     2 |     9 |    12 ||    23
         Potion            |     1 |     4 |     7 ||    12
 Armour: Leather armour    |    23 |       |       ||    23
         Ring mail         |    25 |   146 |   333 ||   504
  Dodge: Dodged            |    31 |    94 |   184 ||   309

Table legend:
 A = Non-vault XP
 B = Vault XP
 C = Vault XP percentage of total XP
 D = Non-vault monster count
 E = Vault monster count
 F = Vault count percentage of total count
                 A         B        C        D         E       F
            +---------+---------+-------+---------+---------+-------
      Total |    3480 |     782 |  18.3 |     131 |      29 |  18.1
            +---------+---------+-------+---------+---------+-------
        D:1 |      30 |       8 |  21.1 |      18 |       6 |  25.0
        D:2 |      48 |       0 |   0.0 |       8 |       0 |   0.0
        D:3 |     114 |      55 |  32.5 |      13 |      16 |  55.2
        D:4 |     306 |       1 |   0.3 |      25 |       1 |   3.8
        D:5 |     798 |     135 |  14.5 |      28 |       2 |   6.7
        D:6 |     635 |     583 |  47.9 |      17 |       4 |  19.0
        D:7 |    1131 |       0 |   0.0 |      17 |       0 |   0.0
        D:8 |     418 |       0 |   0.0 |       5 |       0 |   0.0
            +---------+---------+-------+---------+---------+-------
